AoeStats
← JuryParty6413

Arabia

510113994Analyzed
1v1 RM · 4d ago on Sep 29, 2026· 45m 38s· 2 players
Game mode
Random Map
Map size
Tiny (2 player)
Population
200
Speed
Normal
Resources
Standard
Victory
Conquest
Starting age
Dark Age
Ending age
Imperial Age
RankedLock teamsTeams togetherTeam positionsShared explorationLock speedFull tech treeHidden civsTurbo modeCheats
Victory
Defeat
🇪🇸 Khitans · Spain
1136
+18
🇮🇳 Burmese · India
1179
-18
CHINI82
7:27 Loom
9:54 Feudal Age
18:03 Double-Bit Axe
19:48 Forging
20:19 Scale Barding Armor
24:45 Castle Age
26:07 Chain Barding Armor
26:39 Bow Saw
27:26 Iron Casting
34:19 Fletching
40:35 Bodkin Arrow
42:30 Wheelbarrow
44:32 Imperial Age
45:32 Ordo Cavalry
JuryParty6413
6:41 Loom
10:08 Feudal Age
10:11 Man-at-Arms
20:13 Castle Age
18:59 Horse Collar
25:27 Gold Mining
27:35 Forging
27:33 Scale Barding Armor
28:32 Fletching
29:14 Husbandry
31:21 Heavy Plow
32:04 Wheelbarrow
33:10 Hand Cart
37:13 Imperial Age
36:40 Bloodlines
38:17 Stone Mining
38:47 Cavalier
40:14 Fletching
41:38 Cavalier
43:48 Scale Barding Armor
44:19 Iron Casting
Connection lost

Rejoining the realm…

Still unreachable

The connection could not be restored.

Session expired

The server has moved on; the page needs a fresh start.